 Dungeon Crawl Stone Soup version 0.27.1-35-g4d5d836560 (console) character file.

Game seed: 8777625567846506065

341431 Banquo the Executioner (level 23, -1/192 HPs)
             Began as a Formicid Fighter on Mar 23, 2022.
             Was the Champion of Wu Jian.
             Slain by Asterion (27 damage)
             ... on level 1 of the Vaults on Mar 27, 2022.
             The game lasted 04:30:20 (53055 turns).

Banquo the Executioner (Formicid Fighter)          Turns: 53055, Time: 04:30:20

Health: -1/192     AC: 20    Str: 31    XL:     23   Next: 1%
Magic:  0/20       EV: 26    Int:  8    God:    Wu Jian [******]
Gold:   1674       SH: 21    Dex: 10    Spells: 22/22 levels left

rFire    + . .     SeeInvis +   b - +8 exec axe {freezing cloud, *Noise Fly rC+}
rCold    + + +     Faith    .   i - +0 tower shield {rC+}
rNeg     + + +     Spirit   +   d - +2 plate armour {rF+}
rPois    .         Reflect  .   (helmet unavailable)
rElec    +         Harm     .   e - scarf {rC+ rF+}
rCorr    .         Rampage  .   g - +0 pair of gloves {Str+3}
Will     +++..                  (no boots)
Stlth    ..........             p - amulet of the Clam {Spirit rF- rC+ Will+ Regen+}
HPRegen  1.42/turn              V - ring of the Hare {EV+8}
MPRegen  0.17/turn              E - ring "Sieheudgh" {rElec rN+++ AC+4 Int-3}

@: exhausted, corroded, in a heavenly storm, flying, glowing, studying Crossbows
A: permanent stasis, dig shafts and tunnels, antennae 3, four strong arms, low
mp 1
}: 2/15 runes: serpentine, barnacled
a: Dig, Shaft Self, Renounce Religion, Wall Jump, Serpent's Lash, Heavenly Storm


You were on level 1 of the Vaults.
You worshipped Wu Jian.
Wu Jian was exalted by your worship.
You visited 7 branches of the dungeon, and saw 35 of its levels.
You visited 1 bazaar.
You also visited: Trove, Bailey, Gauntlet, Ice Cave and Desolation.

You collected 6168 gold pieces.
You spent 4494 gold pieces at shops.

Inventory:

Hand Weapons
 a - a +1 vampiric battleaxe
 b - the +8 frozen axe "Frostbite" (weapon) {freezing cloud, *Noise Fly rC+}
   (You found it in an ice cave)

   It freezes those it strikes, dealing additional cold damage.
   It can also slow down cold-blooded creatures.
   It occasionally leaves clouds of freezing vapour upon striking a foe.
   It grants immunity to clouds of freezing vapour.
   rC:        It protects you from cold.
   Fly:       It grants you flight.
   *Noise:    It may make noises in combat.
 f - the +7 great mace "Firestarter" {inner flame, rF++}
   (You found it on level 3 of the Elven Halls)

   It burns those it strikes, dealing additional fire damage.
   It fills those it strikes with an explosive inner flame.
   It grants immunity to clouds of flame.
   rF:        It greatly protects you from fire.
 j - the +3 trident of Caquixit {holy, rPois MP+9}
   (You found it on level 1 of the Shoals)

   It has been blessed by the Shining One to cause great damage to the undead
   and demons.
   rPois:     It protects you from poison.
   MP:        It affects your magic capacity (+9).
 o - a +0 war axe of flaming
 H - the +7 trident of Lasu {vorpal, rF+ Int+4 Dex-4}
   (You bought it in a shop on level 2 of the Orcish Mines)

   It inflicts extra damage upon your enemies.
   Int:       It affects your intelligence (+4).
   Dex:       It affects your dexterity (-4).
   rF:        It protects you from fire.
Missiles
 h - 9 stones
 w - 10 throwing nets
 y - 73 boomerangs (quivered)
 I - 33 boomerangs of dispersal
Armour
 d - a +2 plate armour of fire resistance (worn)
 e - a scarf of resistance (worn)
 g - a +0 pair of gloves of strength (worn)
 i - a +0 tower shield of cold resistance (worn)
Jewellery
 p - the amulet of the Clam (around neck) {Spirit rF- rC+ Will+ Regen+}
   (You found it in a treasure trove)

   [amulet of guardian spirit]

   It causes incoming damage to be divided between your reserves of health and
   magic.
   rF:        It makes you vulnerable to fire.
   rC:        It protects you from cold.
   Regen:     It increases your rate of health regeneration.
   Will:      It increases your willpower.
 z - an amulet of regeneration
 E - the ring "Sieheudgh" (right hand) {rElec rN+++ AC+4 Int-3}
   (You found it in a treasure trove)

   [ring of protection]

   AC:        It affects your AC (+4).
   Int:       It affects your intelligence (-3).
   rElec:     It insulates you from electricity.
   rN:        It renders you almost immune to negative energy.
 F - the ring of Immorality {rF++ Str+6 Int+3}
   (You found it in the Desolation of Salt)

   [ring of strength]

   Str:       It affects your strength (+6).
   Int:       It affects your intelligence (+3).
   rF:        It greatly protects you from fire.
 K - the ring of Jytoneis {Str+2 Dex+3 Slay+4 Stlth-}
   (You found it in a treasure trove)

   [ring of slaying]

   Str:       It affects your strength (+2).
   Dex:       It affects your dexterity (+3).
   Slay:      It affects your accuracy & damage with ranged weapons and melee
   (+4).
   Stlth:     It makes you less stealthy.
 P - the ring "Hepsadue" {rPois rC- rN+ rCorr}
   (You found it in a treasure trove)

   [ring of positive energy]

   rC:        It makes you vulnerable to cold.
   rPois:     It protects you from poison.
   rN:        It protects you from negative energy.
   rCorr:     It protects you from acid and corrosion.
 V - the ring of the Hare (left hand) {EV+8}
   (You took it off a minotaur in a Gauntlet)

   [ring of evasion]

   EV:        It affects your evasion (+8).
 X - the ring of Homulo {Will+ rCorr MP+9 Dex+4}
   (You took it off a merfolk on level 4 of the Shoals)

   [ring of magical power]

   Dex:       It affects your dexterity (+4).
   MP:        It affects your magic capacity (+9).
   rCorr:     It protects you from acid and corrosion.
   Will:      It increases your willpower.
Wands
 c - a wand of flame (19)
 l - a wand of acid (17)
 D - a wand of digging (19)
 G - a wand of iceblast (38)
 J - a wand of mindburst (22)
Scrolls
 m - 4 scrolls of magic mapping
 s - 5 scrolls of fear
 u - 5 scrolls of fog
 S - a scroll of holy word
Potions
 t - 2 potions of resistance
 v - 6 potions of cancellation
 A - 9 potions of curing
 C - 2 potions of ambrosia
 L - 8 potions of heal wounds
 T - 6 potions of might
 W - 3 potions of invisibility
Miscellaneous
 k - a phantom mirror
 q - a box of beasts


   Skills:
 * Level 18.7 Fighting
 * Level 24.9 Axes
 - Level 15.0 Armour
 - Level 10.0 Dodging
 - Level 15.0 Shields


You had 22 spell levels left.
You didn't know any spells.
Your spell library contained the following spells:

 Spells                   Type           Power      Damage    Failure   Level
 Animate Skeleton         Necr           0%         N/A       92%         1
 Apportation              Tloc           0%         N/A       92%         1
 Beastly Appendage        Tmut           0%         N/A       92%         1
 Corona                   Hex            0%         N/A       92%         1
 Foxfire                  Conj/Fire      0%         2x1d4     92%         1
 Pain                     Necr           0%         1d4       92%         1
 Sandblast                Erth           0%         2d4       92%         1
 Sting                    Tmut/Pois      0%         1d3       92%         1
 Summon Small Mammal      Summ           0%         N/A       92%         1
 Passwall                 Tmut/Erth      0%         N/A       98%         2
 Poisonous Vapours        Pois/Air       0%         N/A       98%         2
 Slow                     Hex            0%         N/A       98%         2
 Static Discharge         Conj/Air       0%         N/A       98%         2
 Sublimation of Blood     Necr           0%         N/A       98%         2
 Wereblood                Tmut           0%         N/A       98%         2
 Call Canine Familiar     Summ           0%         N/A       100%        3
 Confusing Touch          Hex            0%         N/A       100%        3
 Dazzling Flash           Conj/Hex       0%         N/A       100%        3
 Gell's Gravitas          Tloc           0%         N/A       100%        3
 Inner Flame              Hex/Fire       0%         N/A       100%        3
 Lesser Beckoning         Tloc           0%         N/A       100%        3
 Spider Form              Tmut/Pois      0%         N/A       100%        3
 Summon Guardian Golem    Hex/Summ       0%         N/A       100%        3
 Teleport Other           Tloc           0%         N/A       100%        3
 Vampiric Draining        Necr           0%         2d6       100%        3
 Airstrike                Air            0%         N/A       100%        4
 Animate Dead             Necr           0%         N/A       100%        4
 Leda's Liquefaction      Hex/Erth       0%         N/A       100%        4
 Olgreb's Toxic Radiance  Pois           0%         N/A       100%        4
 Petrify                  Tmut/Erth      0%         N/A       100%        4
 Summon Lightning Spire   Summ/Air       0%         N/A       100%        4
 Bolt of Magma            Conj/Fire/Erth 0%         4d4       100%        5
 Borgnjor's Vile Clutch   Necr/Erth      0%         N/A       100%        5
 Excruciating Wounds      Necr           0%         N/A       100%        5
 Fireball                 Conj/Fire      0%         3d3       100%        5
 Iskenderun's Battlesphe  Conj           0%         2d6       100%        5
 Lee's Rapid Deconstruct  Erth           0%         3d5*      100%        5
 Lightning Bolt           Conj/Air       0%         1d11      100%        5
 Manifold Assault         Tloc           0%         N/A       100%        5
 Silence                  Hex/Air        0%         N/A       100%        5
 Summon Forest            Summ/Tloc      0%         N/A       100%        5
 Summon Mana Viper        Hex/Summ       0%         N/A       100%        5
 Yara's Violent Unravell  Hex/Tmut       0%         3d3       100%        5
 Conjure Ball Lightning   Conj/Air       0%         3x3d6     100%        6
 Death Channel            Necr           0%         N/A       100%        6
 Dispersal                Tloc           0%         N/A       100%        6
 Shadow Creatures         Summ           N/A        N/A       100%        6
 Statue Form              Tmut/Erth      0%         N/A       100%        6
 Malign Gateway           Summ/Tloc      0%         N/A       100%        7
 Monstrous Menagerie      Summ           0%         N/A       100%        7
 Orb of Destruction       Conj           0%         N/A       100%        7
 Storm Form               Tmut/Air       0%         N/A       100%        7
 Summon Hydra             Summ           0%         N/A       100%        7
 Maxwell's Capacitive Co  Air            0%         ∞         100%        8
 Chain Lightning          Conj/Air       0%         N/A       100%        9
 Dragon's Call            Summ           0%         N/A       100%        9
 Fire Storm               Conj/Fire      0%         5d1       100%        9
 Blink                    Tloc           Unusable   N/A       N/A         2

Dungeon Overview and Level Annotations

Branches:
Dungeon (15/15)            Temple (0/1) D:6            Lair (6/6) D:10
 Shoals (4/4) Lair:3        Snake (4/4) Lair:4        Slime (0/5) Lair:6
    Orc (2/2) D:11            Elf (3/3) Orc:2        Vaults (1/5) D:13
 Depths (0/5) D:15         Bailey (visited)           IceCv (visited)
Desolation (visited)      Gauntlet (visited)

Altars:
Ashenzari
Dithmenos
Gozag
Makhleb
Vehumet
Wu Jian
Xom

Shops:
D:2 [   D:5 *   D:7 *   D:9 (   D:10 **?   D:12 [*!   Orc:2 (*!(   Elf:2 [
Snake:1 :=:   Snake:4 :[

Portals:
Hell: Lair:6
Abyss: Shoals:3

Annotations:
Elf:2 3 runed translucent doors
Vaults:1 Asterion


Innate Abilities, Weirdness & Mutations

You cannot be hasted, slowed, berserked, paralysed or teleported.
You can dig through walls and to a lower floor.
You have a pair of large antennae on your head. (SInv)
Your four strong arms can wield two-handed weapons with a shield.
Your magical capacity is low. (-10% MP)


Message History

You lunge at Asterion.
You hit Asterion. You freeze Asterion.
Asterion is lightly wounded.
You slice the blizzard demon!!
You kill the blizzard demon!
The blizzard demon disappears in a puff of smoke!
Asterion misses you. You block Asterion's attack.
Things that are here:
a +0 great sword; a +0 ring mail You hit Asterion but do no damage.
Asterion is lightly wounded.
You block Asterion's attack. x2
You completely miss Asterion.
Asterion furiously retaliates!
Asterion headbutts you.
* * * LOW HITPOINT WARNING * * *
Asterion mumbles some strange prayers to Makhleb.
You carve Asterion like a ham!!! You freeze Asterion!
Asterion is moderately wounded.
You slice the balrug!! You freeze the balrug!
Asterion conjures a destructive force in the name of Makhleb!
The fireball explodes!
The fireball engulfs you!! You resist.
* * * LOW HITPOINT WARNING * * *
The fireball engulfs Asterion!!
The fireball engulfs the balrug.
The balrug completely resists.
You completely miss Asterion.
Asterion furiously retaliates!
Asterion headbutts you.
* * * LOW HITPOINT WARNING * * *
Asterion is severely wounded.
You hit the balrug. You freeze the balrug.
You hear the raging winds of a squall.
Asterion closely misses you. You block Asterion's attack.
You block the balrug's attack. Asterion blocks your attack.
Asterion is severely wounded.
You slash the balrug! You freeze the balrug! You block Asterion's attack.
Asterion completely misses you. The balrug gestures at you. Makhleb smites you!
* * * LOW HITPOINT WARNING * * *
Asterion hits you with a +3 demon whip of pain!!
You die...

#..................##
#....................
#....................
#####.........☼§§☼☼......
....#.........§§☼§§......
....#.........☼§§§§......
....'.........☼§§§§......
....############§########
....# #@☼§....# ....#
#H2§....# ....# #§☼###..#
##### #..#(#..# #..###..#
#.......# #... ...#
########


You could see Asterion (fast) and a balrug (summoned).

Vanquished Creatures
  Saint Roka (Snake:4)
  Vashnia (Snake:2)
  Jorgrun (Shoals:1)
  An Ice Fiend (IceCv)
  Rupert (Orc:2)
  The ghost of Ninn the Impregnable, an adept GrFi of Gozag (Snake:2)
  3 deep elf blademasters (Elf:3)
  2 deep elf master archers (Elf:3)
  5 krakens
  A sphinx (Vaults:1)
  2 tengu reavers (Vaults:1)
  The ghost of Angmar the Brawler, an adept DrTm of Wu Jian (Shoals:3)
  Roxanne (Shoals:1)
  Donald (Shoals:3)
  7 nagarajas
  4 imperial myrmidons (Desolation)
  A cacodemon (Shoals:3)
  9 deep elf elementalists
  7 deep elf sorcerers
  A spriggan defender (Vaults:1)
  A very ugly thing (Shoals:3)
  2 ironbound preservers (Vaults:1)
  A minotaur (Gauntlet)
  A halazid warlock (Desolation)
  4 deep elf demonologists
  Snorg (Orc:2)
  3 deep elf death magi (Elf:3)
  6 deep elf annihilators (Elf:3)
  A fire dragon (D:15)
  An ettin (Orc:1)
  A crystal guardian (Desolation)
  6 merfolk javelineers
  Josephine (Snake:1)
  4 merfolk impalers
  9 ragged hierophants (Desolation)
  A yaktaur captain (Vaults:1)
  2 great orbs of eyes
  2 salamander tyrants (Snake:4)
  12 naga warriors
  A vault guard (D:13)
  An ice dragon (D:15)
  9 servants of whispers (Desolation)
  4 peacekeepers (Desolation)
  8 deep elf high priests (Elf:3)
  4 hydras
  5 ogre magi
  Erolcha (Orc:2)
  2 boulder beetles (D:14)
  13 anacondas
  26 two-headed ogres
  2 merfolk aquamancers (Shoals:4)
  7 centaur warriors
  4 merfolk avatars
  6 dancing weapons
  2 catoblepae
  4 satyrs
  3 tengu warriors
  A hell hog (Gauntlet)
  11 shock serpents
  4 death yaks
  2 orc high priests (Elf:3)
  Nergalle (Lair:2)
  15 naga sharpshooters
  8 deep elf knights
  9 skeletal warriors
  A sun demon (Lair:6)
  6 salamander mystics (Snake:4)
  A sea snake (shapeshifter) (Elf:3)
  8 deep trolls (Vaults:1)
  9 deep elf archers
  14 sea snakes
  A bog body (IceCv)
  2 ironbound convokers (Desolation)
  A wizard (Lair:6)
  8 naga ritualists
  5 lindwurms
  3 necromancers (D:13)
  5 orc knights
  Pikel (D:5)
  An obsidian statue (IceCv)
  16 harpies
  22 deep elf pyromancers
  12 mana vipers
  A wolf spider (Lair:3)
  14 ugly things
  14 deep elf zephyrmancers
  16 salamanders
  2 cyclopes (D:12)
  A worldbinder (Shoals:3)
  11 manticores
  2 orc sorcerers
  21 fauns
  2 centaur zombies
  17 elephants
  10 water nymphs
  5 merfolk sirens
  13 guardian serpents
  38 black mambas
  15 naga magi
  12 cane toads
  3 gargoyles
  3 unseen horrors
  2 orange demons (Lair:6)
  3 rime drakes
  9 komodo dragons
  6 freezing wraiths
  4 yaktaurs (Vaults:1)
  A tengu conjurer (D:14)
  2 anaconda simulacra (IceCv)
  A golden dragon simulacrum (IceCv)
  2 efreet (D:14)
  2 red devils (Lair:6)
  10 entropy weaver simulacra (IceCv)
  A hellwing (Lair:6)
  7 ice devils
  21 merfolk
  2 polar bears
  5 trolls
  8 wind drakes
  14 blink frogs
  4 dream sheep (Lair:6)
  10 slime creatures
  11 snapping turtles
  58 saltlings (Desolation)
  11 flying skulls (Gauntlet)
  A shadow (D:12)
  3 spriggan simulacra (IceCv)
  12 water elementals
  3 air elementals
  5 starcursed masses (Shoals:3)
  17 humans (D:13)
  2 vampires (D:11)
  7 wyverns
  4 basilisks
  4 wraiths (Snake:1)
  A dire elephant simulacrum (IceCv)
  A fire elemental (Elf:2)
  4 fire bats (Gauntlet)
  61 yaks
  Sigmund (D:5)
  2 steam dragons (D:8)
  6 minotaur simulacra (IceCv)
  A large abomination (Shoals:3)
  Grum (D:10)
  2 vampire mosquitoes (D:15)
  2 harpy simulacra (IceCv)
  28 nagas
  An acid dragon (D:9)
  13 water moccasins
  2 wargs
  6 hell hounds
  2 hydra simulacra (IceCv)
  46 orc warriors
  An ettin simulacrum (IceCv)
  An alligator simulacrum (IceCv)
  A black bear (Lair:2)
  2 sky beasts
  30 ogres
  A necrophage (D:6)
  5 boggarts (D:15)
  8 wolves
  18 centaurs
  A hornet zombie (D:7)
  A phantom (D:4)
  A lemure (D:6)
  3 kobold brigands (D:11)
  10 bullfrogs
  An earth elemental (Elf:1)
  5 deep troll simulacra (IceCv)
  A wyvern zombie (D:8)
  2 gnoll sergeants
  4 water moccasin zombies
  3 lindwurm simulacra (IceCv)
  12 killer bees
  3 howler monkeys
  11 wights
  A bullfrog zombie (D:5)
  6 electric eels
  A bullfrog skeleton (D:3)
  2 centaur skeletons (D:7)
  8 hounds
  17 orc priests
  2 jellies (D:5)
  Jessica (D:2)
  3 iguanas
  23 orc wizards
  A killer bee zombie (D:6)
  13 gnolls
  13 adders
  An ufetubus (D:3)
  97 orcs
  4 bats
  6 endoplasms
  4 giant cockroaches
  11 goblins
  9 hobgoblins
  5 quokkas
  5 ball pythons
  A frilled lizard (D:2)
  9 kobolds
  4 rats
  A lurking horror (Shoals:3)
  4 tentacles
1388 creatures vanquished.

Vanquished Creatures (others)
  An ironbound convoker (Desolation)
  A yak (D:12)
  43 fungi
  243 plants
  23 tentacles
311 creatures vanquished.

Grand Total: 1699 creatures vanquished

Notes
Turn   | Place    | Note
-------+----------+-------------------------------------------
     0 | D:1      | Banquo the Formicid Fighter began the quest for the Orb.
     0 | D:1      | Reached XP level 1. HP: 18/18 MP: 1/1
   171 | D:1      | Reached XP level 2. HP: 23/24 MP: 2/2
   620 | D:1      | Reached skill level 3 in Axes
  1315 | D:2      | Reached XP level 3. HP: 27/29 MP: 3/3
  1481 | D:2      | Noticed Jessica
  1490 | D:2      | Killed Jessica
  1491 | D:2      | Reached skill level 4 in Axes
  1491 | D:2      | Reached XP level 4. HP: 35/35 MP: 4/4
  1505 | D:2      | Found Vaghof's Armour Shoppe.
  2232 | D:3      | Noticed a sky beast
  2496 | D:3      | Found an ornate altar of the Wu Jian Council.
  2501 | D:3      | Became a worshipper of the Wu Jian Council
  2512 | D:3      | Reached XP level 5. HP: 29/41 MP: 5/5
  3033 | D:3      | Found a faded altar of an unknown god.
  3068 | D:3      | Reached skill level 5 in Axes
  3985 | D:4      | Reached XP level 6. HP: 38/47 MP: 6/6
  4358 | D:4      | Reached skill level 1 in Dodging
  4377 | D:4      | You fall into a shaft and drop 3 floors!
  4391 | D:7      | Reached skill level 6 in Axes
  4391 | D:7      | Reached XP level 7. HP: 20/52 MP: 7/7
  4746 | D:7      | Found a shadowy altar of Dithmenos.
  4838 | D:7      | Noticed a water moccasin
  4853 | D:7      | Killed a water moccasin
  4854 | D:7      | Reached skill level 5 in Shields
  4994 | D:7      | Reached * piety under Wu Jian
  4995 | D:7      | Reached skill level 7 in Axes
  4995 | D:7      | Reached XP level 8. HP: 44/60 MP: 8/8
  5093 | D:5      | Entered Level 5 of the Dungeon
  5506 | D:5      | You fall into a shaft and drop 1 floor!
  5866 | D:6      | Reached skill level 8 in Axes
  6002 | D:6      | Found a staircase to the Ecumenical Temple.
  6016 | D:5      | Noticed Pikel
  6169 | D:6      | HP: 1/54 [wight (7)]
  6171 | D:6      | Reached skill level 5 in Armour
  6768 | D:5      | Reached XP level 9. HP: 24/58 MP: 9/9
  7344 | D:5      | Noticed Sigmund
  7473 | D:5      | Killed Pikel
  7474 | D:5      | Reached skill level 5 in Fighting
  7474 | D:5      | Reached skill level 9 in Axes
  7894 | D:5      | Killed Sigmund
  7908 | D:5      | Found Dineyren's General Store.
  8448 | D:5      | Reached ** piety under Wu Jian
  9041 | D:6      | Reached skill level 10 in Axes
  9440 | D:6      | Found a radiant altar of Vehumet.
  9722 | D:6      | Reached XP level 10. HP: 41/75 MP: 10/10
 10352 | D:7      | Found Jiphirev's Lightly-Used Armoury.
 10772 | D:8      | Noticed an unseen horror
 10857 | D:7      | Reached skill level 11 in Axes
 11572 | D:8      | Reached *** piety under Wu Jian
 11927 | D:8      | Killed an unseen horror
 12074 | D:8      | Reached XP level 11. HP: 53/83 MP: 11/11
 12740 | D:8      | Reached skill level 12 in Axes
 13545 | D:9      | Found a shimmering altar of Xom.
 13666 | D:9      | Noticed a two-headed ogre
 13682 | D:9      | You fall into a shaft and drop 1 floor!
 13682 | D:10     | Entered Level 10 of the Dungeon
 13682 | D:10     | Noticed Grum
 13688 | D:10     | Killed Grum
 14026 | D:10     | Found Utuq's General Store.
 14034 | D:10     | Found Uhuurrukhle's General Store.
 14090 | D:9      | Found Rihiaso's Weapon Boutique.
 14537 | D:9      | Killed a two-headed ogre
 15456 | D:10     | Found Opnech's Magic Scroll Shop.
 15459 | D:10     | Bought a scroll of magic mapping for 52 gold pieces
 15459 | D:10     | Bought a scroll of noise for 15 gold pieces
 15616 | D:10     | Found a staircase to the Lair.
 15743 | D:10     | Noticed a centaur warrior
 15755 | D:10     | Killed a centaur warrior
 16478 | Lair:1   | Entered Level 1 of the Lair of Beasts
 16479 | Lair:1   | Identified a scroll of acquirement
 16482 | D:10     | Acquired 1171 gold pieces
 16514 | D:10     | Bought a scroll of acquirement for 780 gold pieces
 16581 | D:5      | Bought a scroll of brand weapon for 260 gold pieces
 16798 | Lair:1   | Reached XP level 12. HP: 51/92 MP: 12/12
 17234 | Lair:1   | Identified the +9 short sword of Puog {venom, rPois Will+
                  | Int-5}
 18002 | Lair:2   | Reached **** piety under Wu Jian
 18023 | Lair:2   | Noticed a six-headed hydra
 18033 | Lair:2   | Killed a two-headed hydra
 18034 | Lair:2   | Reached skill level 13 in Axes
 18034 | Lair:2   | Reached skill level 10 in Shields
 18455 | Lair:2   | Noticed Nergalle
 18482 | Lair:2   | Killed Nergalle
 19558 | Lair:3   | Noticed a catoblepas
 19573 | Lair:3   | Killed a catoblepas
 19882 | Lair:3   | Noticed a death yak
 19886 | Lair:3   | Noticed a death yak
 19889 | Lair:3   | Noticed a death yak
 19904 | Lair:3   | Killed a death yak
 19911 | Lair:3   | Killed a death yak
 19916 | Lair:3   | Killed a death yak
 19917 | Lair:3   | Reached skill level 5 in Dodging
 19917 | Lair:3   | Reached XP level 13. HP: 21/100 MP: 13/13
 20532 | Lair:3   | Reached skill level 10 in Armour
 20604 | Lair:3   | Found a staircase to the Shoals.
 20842 | Lair:4   | Reached skill level 14 in Axes
 21260 | Lair:4   | Found a staircase to the Snake Pit.
 21930 | Lair:5   | You fall into a shaft and drop 1 floor!
 21930 | Lair:6   | Entered Level 6 of the Lair of Beasts
 22043 | Lair:6   | Reached ***** piety under Wu Jian
 22300 | Lair:5   | Reached skill level 10 in Fighting
 22313 | Lair:5   | Reached XP level 14. HP: 92/110 MP: 14/14
 22454 | Lair:5   | Reached skill level 15 in Axes
 23449 | Lair:6   | Found a staircase to the Slime Pits.
 23569 | Lair:6   | Got Xyukhle's Advanced Steps in Spellcraft
 24251 | Lair:6   | Found a burning altar of Makhleb.
 24593 | Lair:6   | Found a gateway to Hell.
 25041 | D:11     | Reached ****** piety under Wu Jian
 25050 | D:11     | Found a staircase to the Orcish Mines.
 25630 | D:12     | Found a flickering gateway to a bazaar.
 25635 | Bazaar   | Entered a bazaar
 25646 | Bazaar   | Found Boukoil's Distillery.
 25650 | Bazaar   | Bought a potion of curing for 27 gold pieces
 25650 | Bazaar   | Bought a potion of might for 36 gold pieces
 25674 | Bazaar   | Found Xiros's Magic Scroll Emporium.
 25682 | Bazaar   | Bought a scroll of acquirement for 468 gold pieces
 25682 | Bazaar   | Bought a scroll of acquirement for 468 gold pieces
 25682 | Bazaar   | Bought a scroll of magic mapping for 31 gold pieces
 25694 | Bazaar   | Found Saecuudgh's Magic Scroll Emporium.
 25702 | Bazaar   | Bought a scroll of magic mapping for 56 gold pieces
 25702 | Bazaar   | Bought a scroll of magic mapping for 56 gold pieces
 25724 | Bazaar   | Found Imym's Distillery.
 25728 | Bazaar   | Acquired 887 gold pieces
 25730 | Bazaar   | Bought a potion of mutation for 88 gold pieces
 25730 | Bazaar   | Bought a potion of heal wounds for 55 gold pieces
 25730 | Bazaar   | Bought a potion of might for 44 gold pieces
 25730 | Bazaar   | Bought a potion of heal wounds for 55 gold pieces
 25730 | Bazaar   | Bought a potion of mutation for 88 gold pieces
 25730 | Bazaar   | Bought a potion of heal wounds for 55 gold pieces
 25757 | D:12     | Found a gate leading to a gauntlet.
 25772 | Gauntlet | Entered a Gauntlet
 25772 | Gauntlet | Found a transporter.
 25789 | Gauntlet | Found a transporter.
 25806 | Gauntlet | Found a transporter.
 25810 | Gauntlet | Found a transporter.
 25831 | Gauntlet | Found a transporter.
 25844 | Gauntlet | Found a transporter.
 25854 | Gauntlet | Noticed a quicksilver ooze
 25857 | Gauntlet | Found a transporter.
 25884 | Gauntlet | Found a transporter.
 25884 | Gauntlet | Found a transporter.
 25892 | Gauntlet | Found a transporter.
 25921 | Gauntlet | Found a transporter.
 25921 | Gauntlet | Found a transporter.
 26014 | Gauntlet | Reached skill level 16 in Axes
 26021 | Gauntlet | Identified the +2 cloak of Relativism {rPois rN+ Int+2}
 26061 | Gauntlet | Reached XP level 15. HP: 107/118 MP: 15/15
 26078 | Gauntlet | Identified the ring "Kifer" {rCorr Dex+4}
 26219 | Gauntlet | Got the Collected Works on Warped Flames
 26296 | D:10     | Acquired a +0 executioner's axe of distortion
 26415 | D:12     | Found Nonnafum's General Store.
 26429 | D:12     | Found Foren's Distillery.
 26722 | D:12     | Found a broken altar of Ashenzari.
 26900 | D:12     | Found Faij's Antique Armour Emporium.
 27184 | D:13     | Found an opulent altar of Gozag.
 27741 | Orc:1    | Entered Level 1 of the Orcish Mines
 28175 | Orc:2    | Entered Level 2 of the Orcish Mines
 28367 | Orc:2    | Noticed Rupert
 28379 | Orc:2    | Killed Rupert
 28471 | Orc:2    | Found a staircase to the Elven Halls.
 28541 | Orc:2    | Acquired a +1 vampiric battleaxe
 28656 | Orc:2    | Noticed Snorg
 28675 | Orc:2    | Killed Snorg
 28689 | Orc:2    | Reached skill level 17 in Axes
 28746 | Orc:2    | Reached XP level 16. HP: 124/127 MP: 16/16
 28890 | Orc:2    | Noticed Erolcha
 28901 | Orc:2    | Killed Erolcha
 28966 | Orc:2    | Found Simmoat's Weapon Boutique.
 28969 | Orc:2    | Found Asycipnymum's Assorted Antiques.
 28969 | Orc:2    | Found Dypnalinuo's Antique Weapon Shop.
 28969 | Orc:2    | Found Myladya's Distillery.
 28979 | Orc:2    | Bought a crystal trident for 255 gold pieces
 28979 | Orc:2    | Identified the +7 trident of Lasu {vorpal, rF+ Int+4 Dex-4}
                  | (You bought it in a shop on level 2 of the Orcish Mines)
 28979 | Orc:2    | Bought an encrusted great mace for 345 gold pieces
 28979 | Orc:2    | Identified the +8 great mace of Xickud {vorpal, *Corrode
                  | rElec rPois Str+8} (You bought it in a shop on level 2 of
                  | the Orcish Mines)
 29637 | D:13     | Found a gate to the Vaults.
 29870 | D:14     | Found a flagged portal.
 29891 | Bailey   | Entered a bailey
 30792 | D:14     | Reached skill level 18 in Axes
 31097 | D:15     | Entered Level 15 of the Dungeon
 31528 | D:15     | Reached XP level 17. HP: 135/135 MP: 17/17
 31798 | D:15     | Found a portal to a secret trove of treasure.
 31859 | D:15     | Identified the +7 mace "Wemeur" {freeze, rC++}
 31951 | D:15     | Found a shimmering altar of Xom.
 31951 | D:15     | Found a shimmering altar of Xom.
 31952 | D:15     | Found a shimmering altar of Xom.
 31953 | D:15     | Found a shimmering altar of Xom.
 32074 | D:15     | Reached skill level 15 in Shields
 32170 | D:15     | Found a staircase to the Depths.
 32558 | D:7      | Bought -2 pearl dragon scales for 1260 gold pieces
 32927 | D:15     | You paid a toll of -2 pearl dragon scales to enter a
                  | treasure trove
 32928 | Trove    | Entered a treasure trove
 32934 | Trove    | Identified the ring "Busi" {rElec Int+6}
 32936 | Trove    | Identified the amulet of the Clam {Spirit rF- rC+ Will+
                  | Regen+}
 32938 | Trove    | Identified the amulet of Nilyjes {Spirit Dex+6 Slay+3
                  | Stlth+}
 32944 | Trove    | Identified the ring of Jytoneis {Str+2 Dex+3 Slay+4 Stlth-}
 32946 | Trove    | Identified the ring "Odoifopt" {rElec rC+ Str+9 Slay-3}
 32948 | Trove    | Identified the ring "Hepsadue" {rPois rC- rN+ rCorr}
 32959 | Trove    | Identified the ring "Sieheudgh" {rElec rN+++ AC+4 Int-3}
 33210 | Snake:1  | Entered Level 1 of the Snake Pit
 33265 | Snake:1  | Found Woxedan's Book Emporium.
 33266 | Snake:1  | Found Dywecoah's Jewellery Boutique.
 33268 | Snake:1  | Found Qimehif's Book Emporium.
 33428 | Snake:1  | Noticed Josephine
 33442 | Snake:1  | Killed Josephine
 34387 | Snake:2  | Noticed Vashnia
 34566 | Snake:2  | Identified the +4 chain mail of the Evening Star {-Tele
                  | Int+6}
 34605 | Snake:2  | Found a runed translucent gate.
 34605 | Snake:2  | Found a runed translucent gate.
 34605 | Snake:2  | Found a runed translucent gate.
 34607 | Snake:2  | Noticed Ninn's ghost (adept GrFi)
 34723 | Snake:2  | Reached skill level 19 in Axes
 34954 | Snake:2  | Killed Vashnia
 35700 | Snake:3  | Reached XP level 18. HP: 145/145 MP: 11/18
 36373 | Snake:3  | Found a broken altar of Ashenzari.
 37012 | Snake:4  | Entered Level 4 of the Snake Pit
 37092 | Snake:4  | Found a frozen archway.
 37121 | IceCv    | Entered an ice cave
 37174 | IceCv    | Identified the +2 barding "Liempe" {rElec Dex+2}
 37549 | IceCv    | Noticed an Ice Fiend
 37607 | IceCv    | Killed an Ice Fiend
 37797 | IceCv    | Found the +8 frozen axe "Frostbite" {freezing cloud, *Noise
                  | Fly rC+}
 38268 | Snake:4  | Found Xihen's Book Shop.
 38281 | Snake:4  | Reached skill level 20 in Axes
 38582 | Snake:4  | Noticed Saint Roka
 38609 | Snake:4  | Killed Saint Roka
 38717 | Snake:4  | Reached XP level 19. HP: 153/154 MP: 17/19
 38954 | Snake:4  | Found Xabosa Kyero's Armour Boutique.
 39448 | Snake:4  | Reached skill level 15 in Fighting
 40203 | Snake:4  | Reached skill level 10 in Dodging
 40421 | Snake:4  | Reached skill level 21 in Axes
 40512 | Snake:4  | Got a serpentine rune of Zot
 40887 | Elf:1    | Entered Level 1 of the Elven Halls
 41095 | Elf:1    | Found a crumbling gateway.
 41107 | Desolati | Entered the Desolation of Salt
 41210 | Desolati | Got the Compendium of Ashen Necromancy
 41264 | Desolati | Got Odoplevi's Papyrus of the Fiery Escort
 41378 | Desolati | Reached XP level 20. HP: 70/160 MP: 7/20
 41585 | Desolati | Identified the ring "Niggahorgh" {Fire rCorr}
 41608 | Desolati | Got the Collected Works on Clay and Envenoming
 41609 | Desolati | Identified the +6 dagger of Likhicke {vorpal, rF+ Will+
                  | Dex+2}
 41615 | Desolati | Identified the +5 scale mail of Inviolability {Int+2}
 41753 | Desolati | Got the Reference Book on Calling and Bewitchment
 41758 | Desolati | Identified the amulet of Yliukum {Faith rPois Dex+5}
 41761 | Desolati | Identified the +0 robe "Etypp" {Rampage rF++ Dex-4
                  | Archmagi}
 41771 | Desolati | Identified the ring of Immorality {rF++ Str+6 Int+3}
 42418 | Elf:1    | Reached skill level 22 in Axes
 42961 | Elf:1    | Got Sif Muna's Compendium of the Escort
 43293 | Elf:2    | Found Wiyniep's Armour Emporium.
 43492 | Elf:2    | Found a runed translucent gate.
 43492 | Elf:2    | Found a runed translucent gate.
 43492 | Elf:2    | Found a runed translucent gate.
 43915 | Elf:3    | Entered Level 3 of the Elven Halls
 44495 | Elf:3    | Reached XP level 21. HP: 123/172 MP: 14/21
 44766 | Elf:3    | Reached skill level 23 in Axes
 44767 | Elf:3    | Identified the ring of Zuase {rF++ MP+9 Int-5 SInv Stlth+}
 44816 | Elf:3    | Reached skill level 15 in Armour
 44949 | Elf:3    | Identified the +8 great sword "Yczazup" {drain, rElec
                  | rCorr}
 45140 | Elf:3    | Identified the +2 kite shield of Xaorch {rElec Str+4 Int-4
                  | SInv}
 45238 | Elf:3    | Identified the +6 scale mail of Inasa {Regen+ Int-4 Dex+2
                  | SInv}
 45262 | Elf:3    | Identified the +4 leather armour of Rubb {Rampage Dex+4}
 45278 | Elf:3    | Identified the +9 hunting sling "Raix" {flame, rCorr Dex+5}
 45803 | Elf:3    | Found the +7 great mace "Firestarter" {inner flame, rF++}
 45835 | Elf:3    | Identified the +2 pair of gloves of the Ladybird {*Corrode
                  | Dex+5}
 45852 | Elf:3    | Identified the +9 scimitar of Dawn {vorpal, Fly rElec
                  | Will+}
 45878 | Elf:3    | Got Nyhir's Catalogue of Beguiling
 46429 | Shoals:1 | Entered Level 1 of the Shoals
 46786 | Shoals:1 | Identified the +3 trident of Caquixit {holy, rPois MP+9}
 46913 | Shoals:1 | Noticed Jorgrun
 46924 | Shoals:1 | Killed Jorgrun
 46966 | Shoals:1 | Identified Roxanne's Tome of Stones
 46966 | Shoals:1 | Noticed Roxanne
 47699 | Snake:2  | You are sucked into a shaft and drop 1 floor!
 47826 | Snake:2  | Killed Ninn's ghost
 48509 | Shoals:2 | Reached XP level 22. HP: 183/183 MP: 20/22
 48868 | Shoals:2 | Reached skill level 24 in Axes
 49299 | Shoals:3 | Found a transporter.
 49332 | Shoals:3 | Found a transporter.
 49334 | Shoals:3 | Noticed Angmar's ghost (adept DrTm)
 49408 | Shoals:3 | Noticed Donald
 49418 | Shoals:3 | Killed Donald
 49680 | Shoals:3 | Identified the +7 spear "Hosoats" {freeze, Str+5 Dex-3}
 49785 | Shoals:3 | Found a one-way gate to the infinite horrors of the Abyss.
 50083 | Shoals:4 | Entered Level 4 of the Shoals
 50308 | Shoals:4 | Identified the ring of Homulo {Will+ rCorr MP+9 Dex+4}
 51470 | Shoals:4 | Got a barnacled rune of Zot
 52398 | Shoals:1 | Killed Roxanne
 52468 | Shoals:3 | Gained mutation: Your magical capacity is low. (-10% MP) [a
                  | cacodemon]
 52477 | Shoals:3 | Killed Angmar's ghost
 52848 | Vaults:1 | Entered Level 1 of the Vaults
 53031 | Vaults:1 | Noticed Asterion
 53050 | Vaults:1 | Reached XP level 23. HP: 55/192 MP: 6/20
 53055 | Vaults:1 | Slain by Asterion

Illustrated notes

Levels and vault maps discovered:
D:1:      sevenhm_arrival_forest_fort_small_4, layout_basic
D:2:      layout_basic, serial_shops, nicolae_shop_trees, uniq_jessica
D:3:      layout_basic, mainiacjoe_overflow_24_doors, basic_ecumenical_altar,
          hex_tiny
D:4:      layout_basic, kennysheep_opposing_triangles
D:5:      layout_rooms, serial_shops, nicolae_diamond_shop, minmay_statues_item,
          hellmonk_bongcloud_opening, amcnicky_mini_rare_corridor_liquid,
          uniq_sigmund, uniq_pikel
D:6:      layout_loops_ring, old_standard_altar, temple_green,
          grunt_decor_fettered, minmay_misc_feat_four_crosses
D:7:      layout_loops_cross, grunt_dithmenos_smoke_and_mirrors,
          nicolae_lava_and_water, st_stairs_1, minmay_shop_damaged
D:8:      layout_basic, lightli_minifort
D:9:      layout_cave_pods, mainiacjoe_overflow_six_doors_small, serial_shops,
          nicolae_shop_crystal
D:10:     layout_layer_cave, lair_entry_dummy, serial_shops,
          nicolae_square_shop, nicolae_shop_behind_doors, nicolae_shop_trees,
          kennysheep_generic_room_12, uniq_grum
D:11:     layout_basic, hiddenorc1_lemuel, minmay_unpleasant_kobolds
D:12:     layout_roguey, gauntlet_entry_generic, serial_shops, bzr_entry_dummy,
          nicolae_stop_n_shop_1, nicolae_shop_crystal, shop, ashenzari_altar_1
D:13:     layout_roguey [special_room_orc], grunt_vaults_entry_tiered,
          grunt_gozag_statues
D:14:     layout_basic, chequers_avenue, enter_bailey_3
D:15:     grunt_enter_depths_hoard, layout_cave_pools, xom_redecorated,
          nicolae_trove_entry_columns
Lair:1:   layout_regular_city
Lair:2:   layout_chaotic_city, minivault_26, serial_bayou_lagoon_a,
          uniq_nergalle
Lair:3:   minmay_lair_venomous_thicket, layout_hall_layers,
          minmay_shoals_entry_hut, st_stairs_13, chequers_serial_rivers_micro_c
Lair:4:   layout_layer_cave, guppyfry_snake_entry_garden
Lair:5:   layout_cave_pods
Lair:6:   evil_forest, layout_small_grid, slime_dummy
Shoals:1: layout_shoals, uniq_jorgrun, uniq_roxanne
Shoals:2: layout_shoals, nicolae_shoals_kraken_party
Shoals:3: layout_shoals, gammafunk_ghost_abyssal_escape, uniq_donald
Shoals:4: shoals_end_grunt_garden, layout_shoals
Snake:1:  layout_cave_shapes, grunt_megastairs_2, minmay_shop_grove,
          serial_bayou_shore_a, lemuel_fruit_tree, uniq_josephine
Snake:2:  layout_chambers, gammafunk_ghost_split, nicolae_snake_gridmaze_spiral,
          grunt_megastairs_3, uniq_vashnia
Snake:3:  layout_honeycomb, basic_altar
Snake:4:  snake_pit_salamanders_mu, layout_cave_town,
          portal_ice_cave_entry_frozen_things, minmay_shoptagon, uniq_saint_roka
Orc:1:    layout_diamond_mine
Orc:2:    st_orc_ogre_mass, layout_caves, uniq_erolcha, uniq_snorg, uniq_rupert
Elf:1:    eino_elf_arrival_shootout, layout_geoelf_diagonals,
          portal_desolation_entry_garden, minmay_elf_sorcery,
          grunt_ministairs_11
Elf:2:    elven_hall_of_blades_hangedman_original
          [nicolae_blade_entry_antechamber], layout_gridlike, serial_shops,
          nicolae_diamond_shop, dk_noncrumbling_2, nicolae_elf_w_pinch,
          minivault_26, hangedman_elf_targetted_burst, uniq_nikola
Elf:3:    minmay_elf_hall_hex, layout_geoelf_octagon, corexii_leaking_fountain
Vaults:1: hangedman_vaults_nodes, hangedman_vaults_stream, ontoclasm_vaults_eye,
          nicolae_vaults_diagonal_hallway_8, nicolae_vaults_asterisk,
          sword_in_stone, layout_vaults_big_room

Skill      XL: |  1  2  3  4  5  6  7  8  9 10 11 12 13 14 15 16 17 18 19 20 21 22 |
---------------+-------------------------------------------------------------------+-----
Axes           | 3 4 5 6 7 8 10 11 12 13 14 16 17 18 19 20 21 22 23 24 | 24.9
Shields        | 4 5 6 7 9 10 11 12 13 14 15 | 15.0
Dodging        | 1 2 3 5 6 7 8 9 10 | 10.0
Armour         | 4 5 6 7 8 9 10 11 12 13 14 15 | 15.0
Fighting       | 4 5 6 7 8 10 11 12 13 14 15 16 17 18 | 18.7

Action                   |  1- 3 |  4- 6 |  7- 9 | 10-12 | 13-15 | 16-18 | 19-21 | 22-24 || total
-------------------------+-------+-------+-------+-------+-------+-------+-------+-------++-------
Melee: War axe           |    48 |   217 |   379 |   427 |    27 |     1 |       |       ||  1099
       Staff             |       |       |       |     5 |       |       |       |       ||     5
       Battleaxe         |       |       |       |   182 |  1004 |  1328 |    21 |       ||  2535
       Trident           |       |       |       |       |       |    42 |       |       ||    42
       Executioner's axe |       |       |       |       |       |    99 |   943 |   377 ||  1419
Invok: Lunge             |       |     5 |    18 |    33 |    50 |    62 |    78 |    40 ||   286
       Whirlwind         |       |       |     4 |     8 |     7 |     4 |    17 |    10 ||    50
       Serpent's Lash    |       |       |       |     1 |     1 |       |       |     1 ||     3
       Heavenly Storm    |       |       |       |       |     4 |       |     1 |     1 ||     6
 Abil: Dig               |     1 |     4 |    17 |    24 |    26 |    55 |    29 |    13 ||   169
       Shaft Self        |       |     1 |     1 |     1 |       |       |     1 |       ||     4
       Wall Jump         |       |       |       |       |     2 |       |       |       ||     2
  Use: Scroll            |       |     6 |     3 |    12 |     8 |     4 |     1 |       ||    34
       Potion            |       |     3 |       |       |       |       |       |       ||     3
 Stab: Invisible         |       |     1 |       |       |       |       |       |       ||     1
       Distracted        |       |       |       |     2 |       |       |       |       ||     2
Armor: Scale mail        |    21 |    75 |    82 |       |       |       |       |       ||   178
       Plate armour      |       |       |     9 |   207 |   233 |   207 |   166 |    51 ||   873
       Crystal plate arm |       |       |       |       |       |    15 |       |       ||    15
Dodge: Dodged            |    14 |    88 |   112 |   116 |   214 |   324 |   195 |    94 ||  1157
Block: Kite shield       |    14 |   134 |   215 |   113 |       |       |       |       ||   476
       Tower shield      |       |       |       |   334 |   790 |  1020 |   642 |   247 ||  3033
       Reflection        |       |       |       |     1 |       |       |       |       ||     1
